 Dungeon Crawl Stone Soup version 0.31-a0-152-g6aa68a64a1 (webtiles) character file.

Game seed: 10219647401000915352

132 qw the Shooter (level 5, -2/49 HPs)
             Began as a Naga Hunter on June 10, 2023.
             Splashed by a jelly's acid (10 damage)
             ... on level 2 of the Dungeon.
             The game lasted 00:00:27 (1022 turns).

qw the Shooter (Naga Hunter)                        Turns: 1022, Time: 00:00:27

Health: -2/49      AC:  0    Str: 14    XL:     5   Next: 15%
Magic:  5/5        EV:  9    Int:  9    God:
Gold:   122        SH:  0    Dex: 16    Spells: 4/4 levels left

rFire   . . .        Y - +0 shortbow
rCold   . . .        (shield currently unavailable)
rNeg    . . .        c - +0 leather armour
rPois   +            (no helmet)
rElec   .            (no cloak)
rCorr   .            (no gloves)
SInv    +            (no barding)
Will    .....        (no amulet)
Stlth   ++           (no ring)
HPRegen 0.28/turn    (no ring)
MPRegen 0.09/turn

%: no passive effects
@: corroded, very slow
A: AC +1, large, see invisible, deformed body, poison resistance, slowness 2,
spit poison 1, naga tail 1
a: Spit Poison


You were on level 2 of the Dungeon.
You visited 1 branch of the dungeon, and saw 2 of its levels.

You collected 122 gold pieces.


Innate Abilities, Weirdness & Mutations

Your serpentine skin is tough. (AC +1)
You have supernaturally acute eyesight. (SInv)
Armour fits poorly on your strangely shaped body.
Your system is resistant to poisons. (rPois)
You cover ground very slowly.
You can spit poison.
You have a snake-like lower body.


   Skills:
 - Level 3.0 Fighting
 + Level 5.3 Ranged Weapons
 - Level 1.5 Dodging
 - Level 1.5 Stealth


You had 4 spell levels left.
You didn't know any spells.
Your spell library was empty.

Inventory:

Hand Weapons
 Y - a +0 shortbow (weapon)
Armour
 b - a +0 cloak
 c - a +0 leather armour (worn)
Jewellery
 f - a ring of fire
 k - a +4 ring of slaying {mikee}
Scrolls
 e - a scroll of identify
 g - a scroll of enchant armour {unknown}
 h - a scroll of poison {unknown}
 j - a scroll of noise {unknown}
Potions
 a - a potion of attraction {unknown}
 d - a potion of cancellation {unknown}
 i - a potion of might {unknown}
 l - a potion of magic {unknown}

Dungeon Overview and Level Annotations

Branches:
Dungeon (2/15)

Altars:


Message History

Your Fighting skill increases to level 3!
You shoot an arrow. The arrow hits the endoplasm!
You kill the endoplasm!
You start resting.
An endoplasm comes into view.
You shoot an arrow. The arrow hits the endoplasm.
The endoplasm is lightly wounded.
The endoplasm hits you.
An endoplasm comes into view.
You shoot an arrow. The arrow hits the endoplasm.
The endoplasm is almost dead.
The endoplasm freezes you.
You are frozen.
Something hits the fungus.
The fungus begins to die.
The fungus is splashed with acid.
The acid corrodes the fungus!
You shoot an arrow. The arrow hits the endoplasm.
You kill the endoplasm!
A jelly comes into view.
The jelly barely misses you.
You shoot an arrow. The arrow hits the jelly.
The jelly is heavily wounded.
The jelly hits you but does no damage.
You shoot an arrow. The arrow hits the jelly.
The jelly is heavily wounded.
The jelly hits you.
You are splashed with acid!
You shoot an arrow. The arrow hits the jelly.
The jelly is severely wounded.
A nearby fungus withers and dies.
The jelly hits you. The acid corrodes you!
You are splashed with acid.
You shoot an arrow. The arrow hits the jelly.
You kill the jelly!
You have reached level 5!
You shoot an arrow. The arrow hits the endoplasm!
You kill the endoplasm!
You start resting.
A jelly comes into view.
You shoot an arrow. The jelly quivers.
The arrow hits the jelly but does no damage.
The jelly hits you.
You are splashed with acid!
You die...

..####.......#
.......##########
..#############.## ..#
#####....#.#.# ###
#.##.....#.#.# .#
##.'......#'#)#
.###..))..)....#.#
......'........#.#
.##.#.##.......#@#
###.#####......##J..P..P
###.############ #......
.......# ###### ###.##.#
#.# # #.# #.. ###


You could see a jelly.

Vanquished Creatures
  2 jellies (D:2)
  3 adders (D:2)
  A dart slug (D:2)
  A ball python (D:1)
  5 bats
  11 endoplasms
  A goblin (D:1)
  2 hobgoblins (D:2)
  8 kobolds
  3 quokkas
  3 frilled lizards
  3 rats
43 creatures vanquished.

Notes
Turn   | Place    | Note
-------+----------+-------------------------------------------
     0 | D:1      | qw the Naga Hunter began the quest for the Orb.
     0 | D:1      | Reached XP level 1. HP: 19/19 MP: 1/1
     0 | D:1      | 0 ||| qw: Version: 0.2-a-122-gbc61b45
     0 | D:1      | 0 ||| qw: Game counter: 3522
     0 | D:1      | 0 ||| qw: Always use a shield: true
     0 | D:1      | 0 ||| qw: God list: Okawaru
     0 | D:1      | 0 ||| qw: Allow faded altars: false
     0 | D:1      | 0 ||| qw: Do Orc after D:15 true
     0 | D:1      | 0 ||| qw: Do second Lair branch before Depths: true
     0 | D:1      | 0 ||| qw: Lair rune preference: random
     0 | D:1      | 0 ||| qw: Plans: Normal
     0 | D:1      | 0 ||| PLANNING D:1-11
     7 | D:1      | 7 ||| INVOKING Spit Poison.
    25 | D:1      | 25 ||| INVOKING Spit Poison.
    62 | D:1      | 62 ||| INVOKING Spit Poison.
    63 | D:1      | Reached skill level 4 in Ranged Weapons
    63 | D:1      | Reached XP level 2. HP: 26/26 MP: 2/2
    70 | D:1      | 70 ||| INVOKING Spit Poison.
    81 | D:1      | 81 ||| INVOKING Spit Poison.
    86 | D:1      | 86 ||| INVOKING Spit Poison.
    92 | D:1      | 92 ||| INVOKING Spit Poison.
   203 | D:1      | 203 ||| INVOKING Spit Poison.
   208 | D:1      | 208 ||| INVOKING Spit Poison.
   241 | D:1      | 241 ||| INVOKING Spit Poison.
   327 | D:1      | 327 ||| INVOKING Spit Poison.
   465 | D:1      | 465 ||| READING scroll labelled QIEWKO YSILE.
   466 | D:1      | 466 ||| READING 2 scrolls labelled ZUJUYKHLANT.
   467 | D:1      | 467 ||| DROPPING scroll of butterflies.
   503 | D:2      | 503 ||| INVOKING Spit Poison.
   579 | D:2      | 579 ||| INVOKING Spit Poison.
   584 | D:2      | 584 ||| INVOKING Spit Poison.
   585 | D:2      | Reached XP level 3. HP: 29/32 MP: 3/3
   589 | D:2      | 589 ||| INVOKING Spit Poison.
   592 | D:2      | 592 ||| INVOKING Spit Poison.
   597 | D:2      | HP: 8/32 [poisoned by an adder]
   760 | D:2      | 760 ||| INVOKING Spit Poison.
   766 | D:2      | 766 ||| INVOKING Spit Poison.
   804 | D:2      | 804 ||| INVOKING Spit Poison.
   809 | D:2      | 809 ||| INVOKING Spit Poison.
   811 | D:2      | Reached skill level 5 in Ranged Weapons
   811 | D:2      | Reached XP level 4. HP: 32/39 MP: 4/4
   960 | D:2      | 960 ||| INVOKING Spit Poison.
   964 | D:2      | 964 ||| INVOKING Spit Poison.
   983 | D:2      | 983 ||| INVOKING Spit Poison.
  1003 | D:2      | Reached skill level 3 in Fighting
  1010 | D:2      | HP: 5/42 [acid (6)]
  1012 | D:2      | Reached XP level 5. HP: 7/49 MP: 5/5
  1022 | D:2      | HP: 8/49 [jelly (2)]
  1022 | D:2      | Splashed by a jelly's acid

Levels and vault maps discovered:
D:1:      lightli_arrival_maybe_door_vault, layout_rooms
D:2:      cheibrodos_fertilizer, layout_basic

Skill      XL: |  1  2  3  4 |
---------------+-------------+-----
Ranged Weapons | 4 5 |  5.3
Fighting       | 3 |  3.0
Dodging        | |  1.5
Stealth        | |  1.5

Action                     |  1- 3 |  4- 6 || total
---------------------------+-------+-------++-------
   Fire: Shortbow          |    56 |    28 ||    84
Ability: Spit Poison       |    20 |     3 ||    23
    Use: Scroll            |     2 |       ||     2
 Armour: Leather armour    |    11 |     1 ||    12
  Dodge: Dodged            |    23 |     4 ||    27

Table legend:
 A = Non-vault XP
 B = Vault XP
 C = Vault XP percentage of total XP
 D = Non-vault monster count
 E = Vault monster count
 F = Vault count percentage of total count
                 A         B        C        D         E       F
            +---------+---------+-------+---------+---------+-------
      Total |      85 |     104 |  55.0 |      28 |      15 |  34.9
            +---------+---------+-------+---------+---------+-------
        D:1 |      26 |       0 |   0.0 |      15 |       0 |   0.0
        D:2 |      59 |     104 |  63.8 |      13 |      15 |  53.6
            +---------+---------+-------+---------+---------+-------
